 Dungeon Crawl Stone Soup version 0.32-a0-120-gfac0567ad4 (webtiles) character file.

Game seed: 17484255108478602778

25 PriceMaster the Firebug (level 3, -28/21 HPs)
             Began as an Octopode Fire Elementalist on Feb 6, 2024.
             Was an Initiate of Qazlal.
             Killed by an exploding ball python (42 damage)
             ... ignited by their inner flame
             ... on level 2 of the Dungeon.
             The game lasted 00:01:25 (954 turns).

PriceMaster the Firebug (Octopode Fire Elementalist) Turns: 954, Time: 00:01:27

Health: -28/21     AC:  1    Str:  7    XL:     3   Next: 4%
Magic:  0/6        EV: 13    Int: 19    God:    Qazlal [......]
Gold:   10         SH:  0    Dex: 12    Spells: 3/6 levels left

rFire   . . .        c - +0 trident
rCold   . . .        (no shield)
rNeg    . . .        (helmet restricted)
rPois   .            (no amulet)
rElec   .            (no ring)
rCorr   .            (no ring)
SInv    .            (no ring)
Will    .....        (no ring)
Stlth   +++          (no ring)
HPRegen 0.23/turn    (no ring)
MPRegen 0.10/turn    (no ring)
                     (no ring)

%: no passive effects
@: no status effects
A: almost no armour, amphibious, 8 rings, camouflage 1, gelatinous body 1,
(nimble swimmer 1), tentacles
a: Renounce Religion


You were on level 2 of the Dungeon.
You worshipped Qazlal.
Qazlal was noncommittal.
You visited 1 branch of the dungeon, and saw 2 of its levels.

You collected 10 gold pieces.

Inventory:

Hand Weapons
 c - a +0 trident (weapon)
Jewellery
 g - a ring of fire
Potions
 a - a potion of magic
 d - a potion of curing {unknown}
 e - 2 potions of lignification {unknown}


   Skills:
 + Level 2.1 Dodging
 + Level 3.3 Stealth
 + Level 2.1 Spellcasting
 + Level 1.1 Conjurations
 + Level 3.6 Fire Magic


You had 3 spell levels left.
You knew the following spells:

 Your Spells              Type           Power      Damage    Failure   Level
a - Foxfire               Conj/Fire      44%        2x1d6     6%          1
b - Scorch                Fire           30%        2d6       5%          2

Your spell library contained the following spells:

 Spells                   Type           Power      Damage    Failure   Level
 Inner Flame              Hex/Fire       9%         N/A       24%         3
 Volatile Blastmotes      Fire/Tloc      18%        2d11      24%         3
 Dazzling Flash           Conj/Hex       8%         N/A       36%         3
 Flame Wave               Conj/Fire      11%        2d6       52%         4
 Starburst                Conj/Fire      5%         6d4       100%        6
 Maxwell's Capacitive Co  Air            1%         ∞         100%        8


Dungeon Overview and Level Annotations

Branches:
Dungeon (1/15)

Altars:
Qazlal


Innate Abilities, Weirdness & Mutations

You cannot wear most types of armour.
You are amphibious.
You can wear up to eight rings at the same time.
Your skin changes colour to match your surroundings (Stealth+).
Your rubbery body absorbs attacks. (AC +1, EV +1)
((You are camouflaged when in or above water. (Stealth+)))
You have tentacles for arms and can constrict up to eight enemies at once.


Message History

Casting: Foxfire (safe; 6% risk of failure)
Confirm with . or Enter, or press ? or * to list all spells.
Flames lash the ball python.
The ball python is severely wounded.
The ball python's fire resistance burns away.
The gnoll shouts!
The hobgoblin shouts!
The ball python bites you. The ball python barely misses you.
The gnoll hits you with a +0 club.
Casting: Scorch (safe; 5% risk of failure)
Confirm with . or Enter, or press ? or * to list all spells.
Flames lash the gnoll.
The gnoll is lightly wounded.
The gnoll's fire resistance burns away.
You hear a shout!
The ball python barely misses you. The ball python misses you.
The gnoll hits you with a +0 club.
* * * LOW HITPOINT WARNING * * *
As you read the scroll labelled EMNOWA UJIRUN, it crumbles to dust.
The creatures around you are filled with an inner flame!
It was a scroll of immolation.
The ball python is no longer more vulnerable to fire.
The ball python bites you.
* * * LOW HITPOINT WARNING * * *
The ball python closely misses you. The gnoll hits you but does no damage.
The ball python misses you. The ball python completely misses you.
You feel much better.
The gnoll is no longer more vulnerable to fire.
The gnoll misses you. The ball python barely misses you. x2
There is a stone staircase leading up here.
Casting: Scorch (safe; 5% risk of failure)
Confirm with . or Enter, or press ? or * to list all spells.
You conjure some foxfire!
The gnoll hits you with a +0 club!
Casting: Foxfire (safe; 6% risk of failure)
Confirm with . or Enter, or press ? or * to list all spells.
You conjure some foxfire!
The foxfire hits the ball python.
Qazlal accepts your kill.
The ball python explodes!
The fiery explosion engulfs you!!!
Ouch! That really hurt!
You die...

... ..# #. ... ..#
.. .. ..##.#
#####.##....
...........
##....g..g
......§v†#
.....§§#g#
##§@v#### .#
#...v...# .#
#.......# ..#
####.#..#...#
)#........#).#...#
#...#..###....#
....#..#.#....#
....#..#.#..#.#
#.#.#..#....#.#


You could see 2 gnolls and a hobgoblin (inner flame).

Vanquished Creatures
  A gnoll (D:1)
  A ribbon worm (D:2)
  2 endoplasms
  A goblin (D:1)
  A hobgoblin (D:2)
  4 ball pythons
  2 frilled lizards
  5 rats
17 creatures vanquished.

Vanquished Creatures (others)
  16 foxfires
16 creatures vanquished.

Grand Total: 33 creatures vanquished

Notes
Turn   | Place    | Note
-------+----------+-------------------------------------------
     0 | D:1      | PriceMaster the Octopode Fire Elementalist began the quest
                  | for the Orb.
     0 | D:1      | Reached XP level 1. HP: 11/11 MP: 3/3
    84 | D:1      | Reached XP level 2. HP: 17/17 MP: 1/5
   153 | D:1      | Learned a level 2 spell: Scorch
   449 | D:1      | You fall into a shaft and drop 1 floor!
   897 | D:2      | Found a stormy altar of Qazlal.
   918 | D:2      | Became a worshipper of Qazlal Stormbringer
   926 | D:2      | Reached XP level 3. HP: 21/21 MP: 6/6
   954 | D:2      | Killed by an exploding ball python... ignited by their
                  | inner flame

Illustrated notes

Levels and vault maps discovered:
D:1:      minmay_arrival_nine_rooms, layout_basic
D:2:      layout_basic, basic_altar, due_unseen_surprise

Skill      XL: |  1 |
---------------+----+-----
Stealth        | 3 |  3.3
Dodging        | |  2.1
Spellcasting   | |  2.1
Conjurations   | |  1.1
Fire Magic     | |  3.6

Action                     || total
---------------------------++-------
  Melee: Trident           ||    23
         Constrict         ||     6
         Punch             ||     2
         Tentacles         ||     2
   Cast: Foxfire           ||    13
         Scorch            ||     5
    Use: Scroll            ||     2
         Potion            ||     1
   Stab: Sleeping          ||     2
 Armour: Skin              ||    16
  Dodge: Dodged            ||    21

Table legend: (Time is in decaauts)
 A = Elapsed time spent in this place.
 B = Non-inter-level travel time spent in this place.
 C = Inter-level travel time spent in this place.
 D = Time resting spent in this place.
 E = Time spent auto-exploring this place.
 F = Levels seen in this place.
 G = Mean time per level.
                   A        B        C        D        E       F      G
               +--------+--------+--------+--------+--------+-----+--------+
         Total |    960 |    960 |      0 |    511 |    303 |   2 |  480.0 |
       Dungeon |    960 |    960 |      0 |    511 |    303 |   2 |  480.0 |
               +--------+--------+--------+--------+--------+-----+--------+

Top non-repeatable levels by time:
     D:2: 511 daAuts
     D:1: 448 daAuts
